[Event "*** Titled Tuesday Blitz"]
[Site "Chess.com"]
[Date "2019.04.02"]
[Round "9"]
[White "TheBigBoss04"]
[Black "Gareth-Bale11"]
[Result "1-0"]
[WhiteElo "2580"]
[BlackElo "2684"]
[TimeControl "180+2"]
[EndTime "16:00:53 PDT"]
[Termination "TheBigBoss04 won by resignation"]

1. c4 e6 2. g3 g6 3. Bg2 Bg7 4. Nc3 c5 5. d3 Ne7 6. e4 Nbc6 7. Nge2 d6 8. Be3 e5 9. a3 Nd4 10. b4 Bg4 11. h3 Bf3 12. O-O Qd7 13. Bxf3 Nxf3+ 14. Kg2 Nd4 15. f4 f5 16. fxe5 Bxe5 17. Nf4 O-O 18. Ncd5 fxe4 19. dxe4 Bg7 20. Qg4 Qxg4 21. Nxe7+ Kh8 22. hxg4 Nc2 23. Nfxg6+ hxg6 24. Rh1+ Bh6 25. Bxh6 1-0

[Event "*** Titled Tuesday Blitz"]
[Site "Chess.com"]
[Date "2019.04.02"]
[Round "9"]
[White "HrvojeZagreb"]
[Black "vgyogi"]
[Result "0-1"]
[WhiteElo "2035"]
[BlackElo "2165"]
[TimeControl "180+2"]
[EndTime "16:00:56 PDT"]
[Termination "vgyogi won by resignation"]

1. d4 d5 2. Bf4 Nf6 3. e3 c5 4.
Nc3 cxd4 5. exd4 e6 6. Nb5 Na6 7. c3 Be7 8. Nf3 O-O 9. Bd3 Bd7 10. a4 Nh5 11. Bg3 g6 12. Be5 Bf6 13. g4 Ng7 14. h4 Bxe5 15. dxe5 Nc7 16. h5 Nxb5 17. axb5 Qb6 18. Ng5 Bxb5 19. Bxb5 Qxb5 20. hxg6 fxg6 21. Nxh7 Rf4 22. Nf6+ Kf7 23. Qa4 Rxa4 24. Rxa4 Qxa4 0-1

[Event "*** Titled Tuesday Blitz"]
[Site "Chess.com"]
[Date "2019.04.02"]
[Round "9"]
[White "Annawel"]
[Black "StephenDedalus83"]
[Result "1-0"]
[WhiteElo "2886"]
[BlackElo "2663"]
[TimeControl "180+2"]
[EndTime "16:01:11 PDT"]
[Termination "Annawel won by resignation"]

1. e4 c5 2. Nf3 d6 3. d4 cxd4 4. Nxd4 Nf6 5. Nc3 g6 6. g3 Nc6 7.
Bg2 Nxd4 8. Qxd4 Bg7 9. O-O O-O 10. a4 Ng4 11. Qb4 a5 12. Qb3 Rb8 13. h3 Ne5 14. Be3 Be6 15. Nd5 Bxd5 16. exd5 Qc8 17. Ba7 Ra8 18. Bd4 Qc4 19. Qxc4 Nxc4 20. Bxg7 Kxg7 21. b3 Nb6 22. Rfe1 Kf6 23. h4 Rac8 24. c4 Rc7 25.
Bh3 Re8 26. Re3 Kg7 27. Rae1 f5 28. g4 f4 29. Re4 Nd7 30. Rxe7+ Rxe7 31. Rxe7+ Kf8 32.
Rxh7 1-0

[Event "*** Titled Tuesday Blitz"]
[Site "Chess.com"]
[Date "2019.04.02"]
[Round "9"]
[White "Andrew-FB00"]
[Black "SanchezKelvin"]
[Result "1-0"]
[WhiteElo "1881"]
[BlackElo "2511"]
[TimeControl "180+2"]
[EndTime "16:01:27 PDT"]
[Termination "Andrew-FB00 won by resignation"]

1. e4 c5 2. Nf3 d6 3. Bb5+ Nd7 4. d4 cxd4 5. Qxd4 e5 6. Qd3 a6 7. Bxd7+ Bxd7 8. Nc3 h6 9. Nd5 Be6 10. O-O Rc8 11.
c4 Bxd5 12. Qxd5 Qc7 13. b3 Nf6 14. Qd3 Qc6 15. Re1 Be7 16. Ba3 O-O 17. Rad1 Rfd8 18. Nh4 Bf8 19. Nf5 g6 20. Nxd6 b6 21. Qf3 Kg7 22.
Nxc8 Rxd1 23. Bxf8+ Kxf8 24. Rxd1 1-0

[Event "*** Titled Tuesday Blitz"]
[Site "Chess.com"]
[Date "2019.04.02"]
[Round "9"]
[White "BvsN"]
[Black "JAN2404"]
[Result "1-0"]
[WhiteElo "2271"]
[BlackElo "1637"]
[TimeControl "180+2"]
[EndTime "16:01:28 PDT"]
[Termination "BvsN won on time"]

1. e4 c5 2. Nf3 Nc6 3. d3 Nf6 4. g3 e6 5. Bg2 Be7 6. O-O O-O 7. Nbd2 b6 8. Re1 Bb7 9. Nf1 Re8 10. h4 d5 11. e5 Nd7 12. Bf4 Bf8 13. N1h2 f6 14.
exf6 1-0

[Event "*** Titled Tuesday Blitz"]
[Site "Chess.com"]
[Date "2019.04.02"]
[Round "9"]
[White "oskariot"]
[Black "chessdjw"]
[Result "0-1"]
[WhiteElo "2609"]
[BlackElo "2624"]
[TimeControl "180+2"]
[EndTime "16:01:34 PDT"]
[Termination "chessdjw won by resignation"]

1. b3 Nf6 2. Bb2 g6 3. g4 Bg7 4. g5 Nh5 5. Bxg7 Nxg7 6. e3 h6 7. gxh6 Rxh6 8. c4 d6 9. Nc3 e5 10. Qc2 Bf5 11. d3 Nc6 12. a3 a5 13. Nge2 Ne6 14.
Ng3 Bg4 15. Bg2 Ng5 16. Nd5 Nf3+ 17. Bxf3 Bxf3 18. Rg1 Rxh2 19. Ne4 Kf8 20. Qc3 Ne7 21. Ndf6 Nf5 22. d4 exd4 23. exd4 Bxe4 24. Nxe4 Qh4 0-1

[Event "*** Titled Tuesday Blitz"]
[Site "Chess.com"]
[Date "2019.04.02"]
[Round "9"]
[White "FERNANDEZL1983"]
[Black "Chessialist"]
[Result "0-1"]
[WhiteElo "2421"]
[BlackElo "2523"]
[TimeControl "180+2"]
[EndTime "16:01:39 PDT"]
[Termination "Chessialist won by resignation"]

1. d4 Nf6 2. c4 e5 3. dxe5 Ng4 4. Nh3 Nxe5 5. e3 Nbc6 6. Nf4 d6 7. Nc3 Be7 8. Be2 O-O 9. O-O Ng6 10. Nfd5 Be6 11.
b3 Qd7 12. Bb2 Bd8 13. f4 f5 14. g3 Nce7 15. Bf3 c6 16. Nxe7+ Qxe7 17. Qd4 Bb6 18. Qd2 Bxc4 19. Rfe1 Be6 20. Kg2 Rfe8 21. e4 fxe4 22. Nxe4 Qd7 23. Qxd6 Bh3+ 24. Kh1 Rxe4 25. Qxd7 Rxe1+ 26. Rxe1 Bxd7 27. h4 Re8 28. Rd1 Be6 29. h5 Nf8 30. g4 Rd8 31. f5 Rxd1+ 32. Bxd1 Bd5+ 33. Kh2 h6 34. f6 gxf6 35. Bxf6 Be3 36. Kg3 Kf7 37. Be5 Ne6 38. Bc2 a5 39. Bg6+ Ke7 40. Bc3 b6 41. Be5 b5 42. Bc3 Bf4+ 43. Kh4 b4 44.
Be1 c5 45. Bd3 Bg5+ 46. Kg3 Kd6 47. Kh3 Nf4+ 0-1

[Event "*** Titled Tuesday Blitz"]
[Site "Chess.com"]
[Date "2019.04.02"]
[Round "9"]
[White "Touching3200"]
[Black "jcgs1030"]
[Result "0-1"]
[WhiteElo "2365"]
[BlackElo "2364"]
[TimeControl "180+2"]
[EndTime "16:01:47 PDT"]
[Termination "jcgs1030 won by checkmate"]

1. e4 c5 2. Nf3 d6 3. d4 cxd4 4. Nxd4 Nf6 5. Nc3 g6 6. Nb3 Bg7 7. Be2 O-O 8. O-O a6 9. a4 b6 10.
Be3 Bb7 11. Bf3 Nfd7 12. Nd4 Nc6 13. Nd5 e6 14. Nc3 Nc5 15. Qd2 Ne5 16. b4 Nc4 17. Qe2 Nxe3 18. Qxe3 Nd7 19. Rfd1 Rc8 20. Be2 Ne5 21.
b5 a5 22. Ra3 Qe7 23. f4 Nc4 24. Bxc4 Rxc4 25. Nde2 d5 26. exd5 Qxa3 27. dxe6 Bxc3 28. e7 Re8 29. Rd8 Qa1+ 30. Kf2 Qe1# 0-1

[Event "*** Titled Tuesday Blitz"]
[Site "Chess.com"]
[Date "2019.04.02"]
[Round "9"]
[White "m3alam"]
[Black "BlueWizzard"]
[Result "0-1"]
[WhiteElo "2435"]
[BlackElo "2710"]
[TimeControl "180+2"]
[EndTime "16:01:49 PDT"]
[Termination "BlueWizzard won by resignation"]

1. d4 e6 2. Nf3 f5 3. c4 Nf6 4. g3 Bb4+ 5. Bd2 Be7 6. Bg2 O-O 7. Bf4 d6 8. O-O Qe8 9. Nc3 a5 10. Qc2 Nc6 11. a3 Qg6 12. d5 Nd8 13. Bd2 Ne4 14. Nxe4 fxe4 15. Nd4 e5 16. Bxe4 Qh5 17. Bf3 Bg4 18. Nb5 Rxf3 19. exf3 Bxf3 20. h4 Bxh4 21. Qd3 e4 22. Qe3 0-1

[Event "*** Titled Tuesday Blitz"]
[Site "Chess.com"]
[Date "2019.04.02"]
[Round "9"]
[White "AttilaTurzo"]
[Black "ChessQueen"]
[Result "0-1"]
[WhiteElo "2572"]
[BlackElo "2660"]
[TimeControl "180+2"]
[EndTime "16:02:07 PDT"]
[Termination "ChessQueen won on time"]

1. d4 Nf6 2. c4 e6 3. g3 c5 4. d5 exd5 5. cxd5 d6 6. Bg2 g6 7.
Nc3 Bg7 8. Nf3 O-O 9. O-O Re8 10. Nd2 b6 11. Re1 Ba6 12. h3 b5 13. a3 b4 14.
axb4 cxb4 15. Na2 Qb6 16. Qa4 Rxe2 17. Rxe2 Bxe2 18. Ne4 Nbd7 19. Nxb4 Nxe4 20. Bxe4 Nc5 21. Qc2 Qxb4 22. Qxe2 Qxe4 0-1

[Event "*** Titled Tuesday Blitz"]
[Site "Chess.com"]
[Date "2019.04.02"]
[Round "9"]
[White "WanderingPuppet"]
[Black "francogreek"]
[Result "0-1"]
[WhiteElo "2389"]
[BlackElo "2422"]
[TimeControl "180+2"]
[EndTime "16:02:08 PDT"]
[Termination "francogreek won by resignation"]

1. e4 c5 2. Nf3 d6 3. d4 cxd4 4.
Nxd4 Nf6 5. Nc3 g6 6. Be3 a6 7. f3 b5 8. Qd2 Bb7 9. h4 Nbd7 10. O-O-O b4 11. Nce2 e5 12. Nb3 a5 13. Kb1 a4 14.
Nbc1 d5 15. Ng3 d4 16. Bf2 h5 17. Bc4 Qc7 18. Bb5 Qb6 19. Qe2 Bh6 20. Bxd7+ Nxd7 21.
Nf1 Nc5 22. Nd3 b3 23. Nxc5 Qxc5 24. cxb3 axb3 25. a3 Ba6 26. Qe1 Qc2+ 27. Ka1 Bxf1 28. Qb4 0-1

[Event "*** Titled Tuesday Blitz"]
[Site "Chess.com"]
[Date "2019.04.02"]
[Round "9"]
[White "fu24"]
[Black "TST2014"]
[Result "0-1"]
[WhiteElo "2506"]
[BlackElo "2518"]
[TimeControl "180+2"]
[EndTime "16:02:12 PDT"]
[Termination "TST2014 won by resignation"]

1. d4 Nf6 2. Nc3 g6 3. e4 d6 4. Be3 Bg7 5. h3 O-O 6. Nf3 Nc6 7. Qd2 Re8 8. O-O-O e5 9. d5 Nd4 10. Nxd4 exd4 11.
Bxd4 Nxe4 12. Nxe4 Rxe4 13. Bxg7 Kxg7 14. Bd3 Re5 15.
Bc4 Bd7 16. f4 Re8 17. g4 Qf6 18. Bb3 Re4 19. Rhf1 a5 20. a3 a4 21. Ba2 b5 22.
g5 Qe7 23. Qc3+ Kg8 24. Qxc7 b4 25. Qb7 Rc8 26. axb4 Re2 27. c3 a3 28. Rd2 axb2+ 29.
Kc2 Bf5+ 30. Kd1 Rxd2+ 0-1

[Event "*** Titled Tuesday Blitz"]
[Site "Chess.com"]
[Date "2019.04.02"]
[Round "9"]
[White "hansen"]
[Black "sergiochess83"]
[Result "1-0"]
[WhiteElo "2807"]
[BlackElo "2726"]
[TimeControl "180+2"]
[EndTime "16:02:14 PDT"]
[Termination "hansen won by resignation"]

1. e4 c5 2. Nf3 d6 3. Bb5+ Nd7 4. c3 Nf6 5. Qe2 a6 6. Ba4 b5 7. Bc2 e5 8. O-O Be7 9. d4 O-O 10. Rd1 Qc7 11. a4 Bb7 12. d5 bxa4 13. Rxa4 Nb6 14. Ra1 c4 15. Be3 Nfd7 16. Nbd2 a5 17. Ba4 Nxa4 18.
Rxa4 Ba6 19. Rda1 Bb5 20. R4a3 f5 21. exf5 Rxf5 22. b3 Nb6 23. Rxa5 Rxa5 24. Rxa5 Nxd5 25. Rxb5 Nxc3 26. Qxc4+ Qxc4 27. Rb8+ 1-0

[Event "*** Titled Tuesday Blitz"]
[Site "Chess.com"]
[Date "2019.04.02"]
[Round "9"]
[White "Margency"]
[Black "ChainsOfFantasia"]
[Result "0-1"]
[WhiteElo "2675"]
[BlackElo "2483"]
[TimeControl "180+2"]
[EndTime "16:02:21 PDT"]
[Termination "ChainsOfFantasia won by resignation"]

1. d4 Nf6 2. c4 e6 3. Nf3 d5 4.
Nc3 dxc4 5. e4 Bb4 6. Bxc4 Nxe4 7. O-O Nxc3 8. bxc3 Be7 9. Qe2 O-O 10. Rd1 c5 11. Ne5 Nc6 12. Bf4 cxd4 13. cxd4 Nxe5 14. dxe5 Qa5 15.
Rd3 Rd8 16. Rg3 b5 17. Bd3 g6 18. h4 Bxh4 19. Rh3 Be7 20. Rxh7 Kxh7 21. Qh5+ Kg8 22.
Bxg6 fxg6 23. Qxg6+ Kh8 24. Kh2 Qb4 25. Qh6+ Kg8 26.
Qg6+ Kh8 27. Kg3 Bh4+ 28. Kg4 Rg8 0-1

[Event "*** Titled Tuesday Blitz"]
[Site "Chess.com"]
[Date "2019.04.02"]
[Round "9"]
[White "kasparicy"]
[Black "mbojan"]
[Result "0-1"]
[WhiteElo "2354"]
[BlackElo "2521"]
[TimeControl "180+2"]
[EndTime "16:02:26 PDT"]
[Termination "mbojan won by resignation"]

1. e4 g6 2. d4 Bg7 3. Nc3 d6 4. Be3 a6 5. Bc4 b5 6. Bb3 Nf6 7. Nf3 O-O 8. h3 b4 9. Ne2 Bb7 10. e5 Nd5 11. Bg5 Nd7 12. exd6 cxd6 13. O-O N7f6 14. Re1 a5 15. c4 bxc3 16. Nxc3 Nxc3 17.
bxc3 Qd7 18. Qd3 a4 19. Bc4 Rfc8 20. Bb5 Bc6 21. Bxc6 Rxc6 22. Rac1 Rac8 23. c4 Qc7 24. Nd2 Qa7 25. Be3 Qa5 26. d5 Nxd5 27. Bg5 Nf6 28.
Rxe7 Qxg5 0-1

[Event "*** Titled Tuesday Blitz"]
[Site "Chess.com"]
[Date "2019.04.02"]
[Round "9"]
[White "Schachmalanders"]
[Black "tteshan"]
[Result "1-0"]
[WhiteElo "2275"]
[BlackElo "2186"]
[TimeControl "180+2"]
[EndTime "16:02:27 PDT"]
[Termination "Schachmalanders won by resignation"]

1. Nf3 Nf6 2. g3 c5 3. Bg2 d5 4. O-O Nc6 5. d3 e6 6. Nbd2 Bd6 7. e4 O-O 8. Re1 dxe4 9. dxe4 e5 10. c3 Bg4 11. Qe2 a6 12. h3 Be6 13. Nf1 h6 14.
N1h2 b5 15. g4 Nh7 16. Nf1 b4 17. Ng3 bxc3 18. bxc3 Qa5 19. Bd2 Qb5 20. Qe3 c4 21. Nf5 Bxf5 22. exf5 Bc5 23. Qe2 Rfe8 24. g5 hxg5 25.
Nxg5 Nxg5 26. Bxg5 f6 27. Bd5+ Kf8 28. Qh5 Bxf2+ 29. Kxf2 Qxd5 30. Qh8+ Qg8 31. Qxg8+ Kxg8 32. Be3 Red8 33. Rg1 Rab8 34. Rab1 Rb5 35. h4 Rdb8 36. Rbd1 Rb2+ 37. Kf3 Rxa2 38. Rd7 g5 39. hxg5 e4+ 40. Kf4 Ne5 41. gxf6+ 1-0

[Event "*** Titled Tuesday Blitz"]
[Site "Chess.com"]
[Date "2019.04.02"]
[Round "9"]
[White "Maili15"]
[Black "martinjogstad99"]
[Result "0-1"]
[WhiteElo "2265"]
[BlackElo "2241"]
[TimeControl "180+2"]
[EndTime "16:02:33 PDT"]
[Termination "martinjogstad99 won by checkmate"]

1. d4 d5 2. c4 c6 3. Nf3 Nf6 4. Nc3 dxc4 5. a4 e6 6. Ne5 c5 7. e3 cxd4 8. exd4 Bb4 9. Bxc4 O-O 10. O-O Nbd7 11. Qb3 Qe7 12. Bg5 a5 13. Ne4 h6 14.
Nxd7 hxg5 15. Nexf6+ gxf6 16. Nxf8 Qxf8 17. f4 Qd6 18.
Rad1 gxf4 19. Qf3 e5 20. dxe5 Qc5+ 21. Kh1 Qxc4 22. Rd8+ Bf8 23. exf6 Ra6 24. Qh5 Qxf1# 0-1

[Event "*** Titled Tuesday Blitz"]
[Site "Chess.com"]
[Date "2019.04.02"]
[Round "9"]
[White "Eliwood44"]
[Black "NCchamp"]
[Result "1-0"]
[WhiteElo "2252"]
[BlackElo "2165"]
[TimeControl "180+2"]
[EndTime "16:02:38 PDT"]
[Termination "Eliwood44 won by checkmate"]

1. d4 Nf6 2. Nf3 g6 3. Nc3 Bg7 4. e4 d6 5. h3 Nfd7 6. Be3 O-O 7.
Qd2 c5 8. d5 Qa5 9. Be2 b5 10. O-O b4 11. Nd1 Ba6 12. a3 Bxe2 13. Qxe2 Qa6 14. Qd2 bxa3 15. Rxa3 Qb5 16. Rb3 Qc4 17. Bh6 Qxe4 18. Bxg7 Kxg7 19. Re1 Qc4 20. Rxe7 Nf6 21. Ne3 Qa4 22. Nf5+ Kg8 23. Qh6 gxf5 24.
Qg5+ Kh8 25. Qxf6+ Kg8 26. Nh4 Nd7 27. Rxd7 Qxd7 28. Rg3# 1-0

[Event "*** Titled Tuesday Blitz"]
[Site "Chess.com"]
[Date "2019.04.02"]
[Round "9"]
[White "albano87"]
[Black "europa2012"]
[Result "1-0"]
[WhiteElo "2345"]
[BlackElo "2129"]
[TimeControl "180+2"]
[EndTime "16:02:41 PDT"]
[Termination "albano87 won by resignation"]

1. e4 e6 2. d4 d5 3. Nc3 Nf6 4. Bg5 dxe4 5. Nxe4 Nbd7 6. Nf3 Be7 7. Nxf6+ Nxf6 8. Bd3 b6 9. Qe2 Bb7 10. O-O-O O-O 11.
h4 Qd5 12. Kb1 c5 13. c4 Qd6 14. Bxf6 Bxf6 15. Bxh7+ Kxh7 16. Ng5+ Kg8 17. Qh5 Be4+ 18. Nxe4 Qf4 19. Nxf6+ Qxf6 20. Qf3 Qg6+ 21. Ka1 Rad8 22. h5 Qh6 23. Qe3 cxd4 24. Rxd4 Qxe3 25. fxe3 Rxd4 26.
exd4 Rd8 27. Rd1 Kh7 28. b4 Kh6 29. Kb2 Kxh5 30. Kc3 Kg4 31. d5 e5 32. c5 bxc5 33. bxc5 e4 34. d6 e3 35. Kd4 Kf4 36. Kd5 e2 37. Re1 Ke3 38. c6 Kd2 39. Rxe2+ Kxe2 40. c7 Rh8 41. d7 Kf2 42. d8=Q Rxd8+ 43. cxd8=Q Kxg2 44. Qg8 g6 45. Qxf7 1-0

[Event "*** Titled Tuesday Blitz"]
[Site "Chess.com"]
[Date "2019.04.02"]
[Round "9"]
[White "FedaMaster"]
[Black "SARGISMV"]
[Result "0-1"]
[WhiteElo "2593"]
[BlackElo "2459"]
[TimeControl "180+2"]
[EndTime "16:02:42 PDT"]
[Termination "SARGISMV won by checkmate"]

1. e4 e6 2. d4 d5 3. Nc3 Bb4 4. Ne2 dxe4 5. a3 Bxc3+ 6. Nxc3 Nc6 7. d5 exd5 8. Qxd5 Nge7 9. Qxe4 Bf5 10. Qh4 Bxc2 11.
Bc4 Ng6 12. Qxd8+ Rxd8 13. O-O O-O 14. Be3 Bd3 15. Bxd3 Rxd3 16. Rfd1 Rfd8 17. Rxd3 Rxd3 18. Kf1 Nge5 19. Ke2 Rd7 20. Rc1 f6 21. Ne4 Rd5 22. Rc5 Rxc5 23. Nxc5 Nd8 24. b3 Kf7 25. f4 Nec6 26.
f5 g6 27. g4 gxf5 28. gxf5 Ne7 29. Bf4 Nxf5 30. Bxc7 Ne6 31. Nxe6 Kxe6 32. Kd3 Nd6 33. Bb8 a6 34. a4 Kd5 35. Ba7 Ne4 36. Be3 Nc5+ 37.
Kc3 Ne4+ 38. Kb4 f5 39. Ka5 Kc6 40. b4 Nd6 41. Bf4 Nc4# 0-1

[Event "*** Titled Tuesday Blitz"]
[Site "Chess.com"]
[Date "2019.04.02"]
[Round "9"]
[White "Karina_Oparina"]
[Black "ilm2034"]
[Result "0-1"]
[WhiteElo "2224"]
[BlackElo "2430"]
[TimeControl "180+2"]
[EndTime "16:02:50 PDT"]
[Termination "ilm2034 won on time"]

1. Nf3 d5 2. g3 Bg4 3. Bg2 Nc6 4. O-O e5 5. d3 Bd6 6. h3 Bh5 7. c4 d4 8. a3 a5 9. Nbd2 f5 10. Rb1 Nf6 11. b4 O-O 12. c5 Be7 13. b5 e4 14.
bxc6 exf3 15. Nxf3 bxc6 16. Ne5 Bxc5 17. Nxc6 Qe8 18.
Qc2 Bb6 19. Nxd4 Rd8 20. Nxf5 Qxe2 21. Qc4+ Bf7 22. Qb5 Qxd3 23. Bg5 Qxb5 24. Rxb5 Bc4 25. Rbb1 Bxf1 26. Bxf1 Bxf2+ 27. Kxf2 Ne4+ 28. Kg2 Nxg5 29. Bc4+ Kh8 30. g4 g6 31. Ne3 Rd2+ 32. Kh1 Nxh3 0-1

[Event "*** Titled Tuesday Blitz"]
[Site "Chess.com"]
[Date "2019.04.02"]
[Round "9"]
[White "aa175"]
[Black "AsaHoffmann"]
[Result "0-1"]
[WhiteElo "1927"]
[BlackElo "2182"]
[TimeControl "180+2"]
[EndTime "16:02:50 PDT"]
[Termination "AsaHoffmann won by resignation"]

1. e4 d6 2. d4 Nf6 3. Nd2 c6 4.
c3 e5 5. Ngf3 Qc7 6. Be2 Bg4 7.
O-O Nbd7 8. Re1 Be7 9. h3 Bh5 10.
dxe5 dxe5 11. Qc2 O-O 12. Nf1 Nc5 13. Ng3 Bg6 14. Bf1 Rfe8 15. Bg5 h6 16. Bxf6 Bxf6 17.
b4 Ne6 18. Bc4 Nf4 19. Nf5 b5 20. Bb3 a5 21. a3 c5 22. Rad1 cxb4 23. cxb4 Qxc2 24.
Bxc2 axb4 25. axb4 Rec8 26. Bb3 Ra3 27. Bd5 Nxh3+ 28.
gxh3 Rxf3 29. Rc1 Rd8 30. Rc6 Bxf5 31. Rd1 Bxe4 32. Bxe4 Rxd1+ 33. Kg2 Rf4 34. Rc8+ Rd8 35. Rxd8+ Bxd8 36. Bc6 Rxb4 37. Bd7 Kf8 38. Bc8 Ke7 39. Bb7 Bb6 40. Bf3 f5 41. Bd5 Rb2 42. Bf7 0-1

[Event "*** Titled Tuesday Blitz"]
[Site "Chess.com"]
[Date "2019.04.02"]
[Round "9"]
[White "Sanyura"]
[Black "saraswathii"]
[Result "1-0"]
[WhiteElo "2440"]
[BlackElo "2235"]
[TimeControl "180+2"]
[EndTime "16:02:51 PDT"]
[Termination "Sanyura won by resignation"]

1. Nf3 Nc6 2. g3 d5 3. Bg2 Nf6 4. O-O g6 5. d3 Bg7 6. Nbd2 O-O 7.
e4 dxe4 8. dxe4 e5 9. Qe2 Qe7 10.
Rd1 Rd8 11. c3 Be6 12. b3 a5 13. a4 Rd7 14. Ba3 Qe8 15. Nc4 Bg4 16. h3 Bxf3 17.
Bxf3 Rad8 18. h4 Rxd1+ 19. Rxd1 Rxd1+ 20. Qxd1 h5 21. Ne3 Qd7 22. Nd5 Nxd5 23. exd5 Ne7 24. d6 cxd6 25. Qxd6 Qxd6 26. Bxd6 Nf5 27. Bc7 e4 28.
Bxe4 Bxc3 29. Bxb7 Nd4 30. Bd5 Kf8 31. Kg2 Nc2 32. Kf3 Ke7 33. Ke2 f6 34. Bc4 Bb4 35. Bb6 Na3 36. Bd3 Kd7 1-0

[Event "*** Titled Tuesday Blitz"]
[Site "Chess.com"]
[Date "2019.04.02"]
[Round "9"]
[White "GCamachoMartinez"]
[Black "Alex_Terzi"]
[Result "1-0"]
[WhiteElo "2345"]
[BlackElo "2410"]
[TimeControl "180+2"]
[EndTime "16:02:57 PDT"]
[Termination "GCamachoMartinez won by resignation"]

1. d4 Nf6 2. c4 g6 3. Nc3 Bg7 4. e4 d6 5. Be2 O-O 6. Nf3 e5 7. O-O Nc6 8. d5 Ne7 9. Ne1 Nd7 10. Nd3 f5 11. f3 Nf6 12. b4 f4 13. c5 g5 14. a4 h5 15. Nf2 Ng6 16. c6 b6 17. a5 b5 18. a6 Rb8 19. Ra5 Rb6 20. Rxb5 Bxa6 21. Ra5 Bxe2 22. Qxe2 Rxb4 23. Rxa7 Qc8 24. Nb5 Rf7 25. Ba3 Rb3 26. Bxd6 Rxb5 27.
Qxb5 cxd6 28. Rxf7 Kxf7 29. Ra1 Ne8 30. Qb7+ Ne7 31.
Ra8 Qc7 32. Rxe8 Qa5 33. Rxe7+ Kf6 34. Rf7+ Kg6 35. Rxg7+ 1-0

[Event "*** Titled Tuesday Blitz"]
[Site "Chess.com"]
[Date "2019.04.02"]
[Round "9"]
[White "TregubovP"]
[Black "AryanTari"]
[Result "0-1"]
[WhiteElo "2535"]
[BlackElo "2847"]
[TimeControl "180+2"]
[EndTime "16:03:02 PDT"]
[Termination "AryanTari won by resignation"]

1. d4 Nf6 2. c4 g6 3. Nc3 d5 4.
Nf3 Bg7 5. e3 O-O 6. cxd5 Nxd5 7. Bc4 Nxc3 8. bxc3 c5 9. O-O Qc7 10. Qe2 Nc6 11. Bb2 b6 12. Rac1 Bb7 13. e4 e6 14. h4 Rac8 15. h5 cxd4 16. cxd4 Qf4 17. Qe3 Qxe3 18. fxe3 Bh6 19. Kf2 Nb4 20. Ba3 a5 21. e5 Rfd8 22. Bxb4 axb4 23. g4 gxh5 24.
gxh5 Rc7 25. Nd2 Rdc8 26. Ke2 b5 0-1

[Event "*** Titled Tuesday Blitz"]
[Site "Chess.com"]
[Date "2019.04.02"]
[Round "9"]
[White "vugarrasulov"]
[Black "MathiasWomacka"]
[Result "1-0"]
[WhiteElo "2839"]
[BlackElo "2281"]
[TimeControl "180+2"]
[EndTime "16:03:10 PDT"]
[Termination "vugarrasulov won by resignation"]

1. e4 c5 2. Nc3 Nc6 3. Bb5 Nd4 4. Bc4 e6 5. Nf3 Nf6 6. e5 d5 7. Nxd4 dxc4 8. Nf3 Nd5 9. Qe2 Nb6 10. a4 a5 11. O-O Bd7 12. d3 cxd3 13. cxd3 Bc6 14.
Be3 Be7 15. b3 Bxf3 16. Qxf3 Qxd3 17. Rac1 Qd7 18. Rfd1 Qc6 19. Qxc6+ bxc6 20. Ne4 Nd5 21. Bxc5 Rb8 22. Bxe7 Kxe7 23. Rxc6 Rxb3 24. Ra6 Rhb8 25. g3 f6 26. Nc5 Rb1 27. Ra7+ Ke8 28. Rxb1 Rxb1+ 29. Kg2 fxe5 30. Nxe6 e4 31. Nxg7+ Kd8 32. Rxa5 Nc3 33. Nf5 Rb2 34. Ne3 Ra2 35. Ra7 h5 36. a5 Kc8 37. a6 Kb8 38. Rb7+ Kc8 39. Rb6 Kc7 40. Rh6 Ra1 41. h4 Ne2 42. Nd5+ Kd7 43.
a7 Nd4 44. a8=Q Rxa8 45. Nb6+ 1-0

[Event "*** Titled Tuesday Blitz"]
[Site "Chess.com"]
[Date "2019.04.02"]
[Round "9"]
[White "Shant_Sargsyan"]
[Black "nubair1198"]
[Result "1-0"]
[WhiteElo "2933"]
[BlackElo "2668"]
[TimeControl "180+2"]
[EndTime "16:03:22 PDT"]
[Termination "Shant_Sargsyan won by resignation"]

1. Nf3 d5 2. d4 Nf6 3. c4 c6 4.
cxd5 cxd5 5. Nc3 Nc6 6. Bf4 e6 7. e3 Bd6 8. Bxd6 Qxd6 9. Bd3 O-O 10. O-O b6 11. Rc1 Bb7 12. Qe2 Rfd8 13. a3 Rac8 14. Rc2 h6 15. Rfc1 Qc7 16. Ba6 Bxa6 17. Qxa6 Nb8 18.
Qd3 Qb7 19. Ne5 Nbd7 20. f4 Nxe5 21. fxe5 Ne4 22. Nxe4 dxe4 23. Qb5 Rxc2 24. Rxc2 Rc8 25. Rc4 a6 26. Qb3 b5 27. Rc5 Rf8 28. Qc3 f6 29. Rc7 Qb6 30. Qc5 Qa5 31. Qc1 fxe5 32. b4 Qb6 33. Qc5 Qb8 34. Qe7 Rf1+ 35. Kxf1 Qf8+ 36. Qxf8+ Kxf8 37. dxe5 1-0

[Event "*** Titled Tuesday Blitz"]
[Site "Chess.com"]
[Date "2019.04.02"]
[Round "9"]
[White "RayRobson"]
[Black "champ2005"]
[Result "1-0"]
[WhiteElo "2869"]
[BlackElo "2803"]
[TimeControl "180+2"]
[EndTime "16:03:27 PDT"]
[Termination "RayRobson won by resignation"]

1. c4 Nf6 2. Nc3 g6 3. g3 Bg7 4. Bg2 O-O 5. Nf3 c5 6. d4 cxd4 7. Nxd4 Nc6 8. O-O Qa5 9. Nb3 Qh5 10. Nd5 d6 11. Nf4 Qf5 12. Bd2 Ne4 13. Nd5 Bxb2 14. Bh6 Bxa1 15. Qxa1 Nf6 16. Nd4 Qh5 17. Nxc6 Qxh6 18.
Ncxe7+ Kh8 19. Qxf6+ Qg7 20. Qxd6 Be6 21. Qb4 Qe5 22.
Qxb7 Qxe2 23. Nf4 Qxc4 24. Qb2+ f6 25. Bxa8 1-0

[Event "*** Titled Tuesday Blitz"]
[Site "Chess.com"]
[Date "2019.04.02"]
[Round "9"]
[White "hellokostya"]
[Black "scrapnel"]
[Result "0-1"]
[WhiteElo "2495"]
[BlackElo "2528"]
[TimeControl "180+2"]
[EndTime "16:03:30 PDT"]
[Termination "scrapnel won by resignation"]

1. d4 Nf6 2. c4 g6 3. Nc3 d5 4. cxd5 Nxd5 5. e4 Nxc3 6. bxc3 Bg7 7. Nf3 c5 8. Be3 Qa5 9. Nd2 cxd4 10. Nc4 Qd8 11.
cxd4 O-O 12. Rc1 e6 13. Be2 Nc6 14. e5 Ne7 15. O-O Nf5 16. Bf3 Rb8 17. Qd2 b6 18. Rfd1 Ba6 19. Be4 Nxe3 20. Qxe3 Bxc4 21. Rxc4 Bxe5 22.
Bxg6 Bxh2+ 23. Kxh2 Qh4+ 24. Qh3 Qxh3+ 25. Kxh3 hxg6 26.
Rc7 a5 27. d5 Rfd8 28. d6 Kg7 29.
f4 b5 30. Ra7 a4 31. a3 Rb6 32.
d7 Kf6 33. Rb1 Ke7 34. Rd1 Rd6 35. Rxd6 Kxd6 36. Rb7 Kc6 0-1

[Event "*** Titled Tuesday Blitz"]
[Site "Chess.com"]
[Date "2019.04.02"]
[Round "9"]
[White "j2806"]
[Black "VeraNebolsina"]
[Result "1-0"]
[WhiteElo "1759"]
[BlackElo "2362"]
[TimeControl "180+2"]
[EndTime "16:03:30 PDT"]
[Termination "j2806 won by resignation"]

1. e4 c5 2. Nf3 d6 3. d4 cxd4 4. Nxd4 Nf6 5. Nc3 a6 6. Be3 e5 7. Nb3 Be7 8. f3 O-O 9. Qd2 Be6 10. O-O-O Nbd7 11. g4 b5 12. h4 b4 13. Ne2 a5 14.
h5 a4 15. Na1 a3 16. b3 d5 17. g5 d4 18. Nxd4 exd4 19. Qxd4 Bc5 20. Qxc5 Nxc5 21. Rxd8 Rfxd8 22. Bxc5 Nd7 23. Bxb4 Ne5 24. Be2 Nc6 25.
Bd2 Nd4 26. Re1 Rac8 27. c4 Nc6 28. Nc2 Ra8 29. Rd1 Ne5 30. Be3 Bh3 31. Nd4 Bg2 32. Rg1 Bh3 33. Rg3 Be6 34. f4 Nd7 35. f5 1-0